 Dungeon Sprint DCSS version 0.24-a0-417-g1cce26a (webtiles) character file.

Game seed: 12665882376017628089

8300 schets the Warrior (level 11, -3/210 HPs)
             Began as an Ogre Hunter on June 10, 2019.
             Was the Champion of Trog.
             Slain by a troll (13 damage)
             ... in the Dungeon (Sprint VII: "The Pits").
             The game lasted 00:05:57 (3276 turns).

schets the Warrior (Ogre Hunter)                    Turns: 3276, Time: 00:05:58

Health: -3/210     AC:  4    Str: 26    XL:     11   Next: 28%
Magic:  11/11      EV: 14    Int: 12    God:    Trog [******]
Gold:   0          SH:  0    Dex:  9    Spells: 10/10 levels left

rFire    . . .     SeeInvis .   a - +0 giant spiked club
rCold    . . .     Gourm    .   (shield currently unavailable)
rNeg     . . .     Faith    .   b - +0 robe
rPois    .         Spirit   .   s - +1 hat
rElec    .         Reflect  .   (no cloak)
rCorr    .         Harm     .   (gloves unavailable)
MR       +....     NoTele   +   (boots unavailable)
Stlth    ..........             (no amulet)
HPRegen  0.45/turn              (no ring)
MPRegen  0.12/turn              (no ring)

@: berserking (expiring), frozen, very quick
A: large, unfitting armour, tough skin 1
a: Berserk, Trog's Hand, Brothers in Arms, Renounce Religion


You were in the Dungeon.
You worshipped Trog.
Trog was exalted by your worship.
You were very hungry.

You visited 1 branch

Inventory:

Hand Weapons
 a - a +0 giant spiked club (weapon)
Missiles
 c - 7 silver javelins
 d - 2 atropa-tipped darts
 h - 12 silver boomerangs
 k - 2 curare-tipped darts
 l - 14 large rocks (quivered)
Armour
 b - a +0 robe (worn)
 s - a +1 hat (worn)
Jewellery
 p - a +3 ring of dexterity
 q - a +3 ring of evasion
Scrolls
 n - 3 scrolls of remove curse
 o - a scroll of summoning
Potions
 e - 8 potions of curing
 g - 3 potions of heal wounds
 i - 4 potions of magic
 j - 4 potions of berserk rage
 m - a potion of invisibility
 r - 3 potions of agility
Comestibles
 f - 6 rations


   Skills:
 * Level 17.9 Fighting
 * Level 11.0 Maces & Flails
 + Level 11.1 Throwing
 + Level 8.7 Armour
 + Level 9.8 Dodging
 + Level 7.1 Stealth


You had 10 spell levels left.
You didn't know any spells.
Your spell library was empty.

Dungeon Overview and Level Annotations

Branches:
Dungeon (1/1)

Altars:
Ashenzari
Cheibriados
Dithmenos
Elyvilon
Fedhas
Gozag
Hepliaklqana
Kikubaaqudgha
Makhleb
Nemelex Xobeh
Okawaru
Qazlal
Ru
Sif Muna
Trog
Uskayaw
Vehumet
Wu Jian
Xom
Yredelemnul
Zin
The Shining One
Beogh
Jiyva
Lugonu


Innate Abilities, Weirdness & Mutations

You are too large for most types of armour.
You have tough skin. (AC +1)


Message History

You barely miss the troll.
The troll is lightly wounded.
The rime drake breathes ice at you. The flash freeze hits you!
* * * LOW HITPOINT WARNING * * *
You are encased in ice.
The troll closely misses you. The troll claws you.
* * * LOW HITPOINT WARNING * * *
The troll closely misses you.
The small abomination barely misses you.
You closely miss the troll.
The troll is lightly wounded.
The rime drake bites you.
* * * LOW HITPOINT WARNING * * *
The troll bites you.
* * * LOW HITPOINT WARNING * * *
The troll claws you.
* * * LOW HITPOINT WARNING * * *
The troll claws you!
You die...

''######
''################ ####
..#..............###..#
..##..............#..#
..####...#)######..)##
..#..#####.##...##'##
..#....##...#...#...#
..'.....#...#..x#...#
..')...))...+.%k@...+
..'.....#...#..T#...#
..#....##...#...#...#
..#..#####.##...##+##
..####...#'######.).#
..##..............#..#
..#..............###..#
################## ###


You could see a troll, a rime drake and a small abomination.

Vanquished Creatures
  Gastronok (D)
  A two-headed ogre (D)
  A shadow wraith (D)
  A swamp dragon (D)
  A flayed ghost (D)
  A phantasmal warrior (D)
  A deep elf mage (D)
  An elephant (D)
  A gargoyle (D)
  A molten gargoyle (D)
  A rime drake (D)
  A dream sheep (D)
  Sigmund (D)
  A shadow (D)
  A yak (D)
  A phantom (D)
  A centaur (D)
  An ogre (D)
  2 big kobolds (D)
  A scorpion (D)
  A hound (D)
  An iguana (D)
  A gnoll (D)
  A river rat (D)
  2 oozes (D)
  An adder skeleton (D)
  A worm (D)
  A leopard gecko (D)
  2 hobgoblins (D)
  A kobold (D)
  A quokka (D)
  A ball python (D)
  A ball python zombie (D)
  A quokka skeleton (D)
37 creatures vanquished.

Vanquished Creatures (collateral kills)
  A flayed ghost (D)
  A phantasmal warrior (D)
  4 dream sheep (D)
  3 yaks (D)
  A soldier ant (D)
  A phantom (D)
  A gnoll sergeant (D)
  4 gnolls (D)
  An ooze (D)
17 creatures vanquished.

Vanquished Creatures (others)
  the Royal Jelly (D)
  A pandemonium lord (D)
  Margery (D)
  2 pearl dragons (D)
  A hellephant (D)
  2 titans (D)
  28 acid blobs (D)
  2 deep elf blademasters (D)
  3 deep elf master archers (D)
  A shadow dragon (D)
  20 azure jellies (D)
  A draconian knight (D)
  2 cacodemons (D)
  A ghoul (D)
  An ophan (D)
  A mummy priest (D)
  25 death oozes (D)
  A spriggan berserker (D)
  A necromancer (D)
  A tormentor (D)
  A golden eye (D)
97 creatures vanquished.

Grand Total: 151 creatures vanquished

Notes
Turn   | Place    | Note
-------+----------+-------------------------------------------
     0 | D        | schets the Ogre Hunter began the quest for the Orb.
     0 | D        | Reached XP level 1. HP: 22/22 MP: 1/1
    19 | D        | Reached skill level 4 in Fighting
    19 | D        | Reached skill level 1 in Armour
    19 | D        | Reached XP level 2. HP: 21/33 MP: 2/2
    33 | D        | Killed a hellephant
    73 | D        | Killed a deep elf master archer
    96 | D        | Found a bloodstained altar of Trog.
    96 | D        | Found a deep blue altar of Sif Muna.
    96 | D        | Found a viscous altar of Jiyva.
    96 | D        | Found a hazy altar of Hepliaklqana.
    96 | D        | Found an opulent altar of Gozag.
    97 | D        | Found a glowing golden altar of the Shining One.
    97 | D        | Found a glowing silver altar of Zin.
    97 | D        | Found a basalt altar of Yredelemnul.
    97 | D        | Found a shimmering altar of Xom.
    97 | D        | Found an ornate altar of the Wu Jian Council.
    97 | D        | Found a sacrificial altar of Ru.
    97 | D        | Found a stormy altar of Qazlal.
    97 | D        | Found an iron altar of Okawaru.
    97 | D        | Found a sparkling altar of Nemelex Xobeh.
    97 | D        | Found a burning altar of Makhleb.
    97 | D        | Found a blossoming altar of Fedhas.
    97 | D        | Found a white marble altar of Elyvilon.
    97 | D        | Found a shadowy altar of Dithmenos.
    97 | D        | Found a snail-covered altar of Cheibriados.
    99 | D        | Found a corrupted altar of Lugonu.
    99 | D        | Found a radiant altar of Vehumet.
    99 | D        | Found a roughly hewn altar of Beogh.
   100 | D        | Found an ancient bone altar of Kikubaaqudgha.
   100 | D        | Found a hide-covered altar of Uskayaw.
   100 | D        | Found a shattered altar of Ashenzari.
   102 | D        | Became a worshipper of Trog the Wrathful
   131 | D        | Killed a tormentor
   139 | D        | Killed a cacodemon
   155 | D        | Killed a deep elf master archer
   167 | D        | Killed a deep elf blademaster
   193 | D        | Reached * piety under Trog
   219 | D        | Killed a mummy priest
   220 | D        | Killed an ophan
   353 | D        | Reached skill level 6 in Fighting
   353 | D        | Reached skill level 5 in Throwing
   353 | D        | Reached XP level 3. HP: 44/44 MP: 3/3
   356 | D        | Reached ** piety under Trog
   486 | D        | Killed a titan
   529 | D        | Killed a necromancer
   530 | D        | Noticed a big kobold
   530 | D        | Noticed Sigmund
   533 | D        | Noticed a big kobold
   535 | D        | Killed a big kobold
   535 | D        | Reached skill level 8 in Fighting
   535 | D        | Reached XP level 4. HP: 57/57 MP: 4/4
   535 | D        | Reached XP level 5. HP: 63/63 MP: 5/5
   543 | D        | Killed a big kobold
   543 | D        | Reached *** piety under Trog
   543 | D        | Reached skill level 9 in Fighting
   574 | D        | Killed Sigmund
   574 | D        | Reached skill level 11 in Fighting
   574 | D        | Reached skill level 5 in Dodging
   574 | D        | Reached XP level 6. HP: 65/80 MP: 6/6
   593 | D        | Killed a titan
   595 | D        | Killed an acid blob
   603 | D        | Killed a death ooze
   611 | D        | Killed an acid blob
   611 | D        | Killed a death ooze
   616 | D        | Killed an azure jelly
   617 | D        | Killed an azure jelly
   618 | D        | Killed an acid blob
   626 | D        | Killed a death ooze
   626 | D        | Killed a golden eye
   627 | D        | Killed a death ooze
   650 | D        | Killed an azure jelly
   664 | D        | Killed a ghoul
   672 | D        | Killed an azure jelly
   673 | D        | Received a gift from Trog
   673 | D        | Killed a death ooze
   688 | D        | Killed an acid blob
   696 | D        | Reached skill level 5 in Armour
   717 | D        | Killed an acid blob
   725 | D        | Killed a cacodemon
   727 | D        | Killed an acid blob
   764 | D        | Killed an acid blob
   771 | D        | Killed a death ooze
   797 | D        | Killed an acid blob
   826 | D        | Killed a deep elf master archer
   827 | D        | Killed an acid blob
   836 | D        | Killed an azure jelly
   851 | D        | Killed a death ooze
   857 | D        | Killed a death ooze
   857 | D        | Killed an azure jelly
   869 | D        | Killed a death ooze
   870 | D        | Killed an azure jelly
   903 | D        | Reached **** piety under Trog
   903 | D        | Reached skill level 1 in Maces & Flails
   903 | D        | Reached skill level 1 in Stealth
   903 | D        | Reached XP level 7. HP: 89/89 MP: 7/7
   916 | D        | Killed a death ooze
   931 | D        | Noticed an elephant
   941 | D        | Killed an elephant
   941 | D        | Received a gift from Trog
   941 | D        | Reached skill level 12 in Fighting
   970 | D        | Killed a deep elf blademaster
   986 | D        | Killed an azure jelly
   996 | D        | Killed an acid blob
   997 | D        | Killed a pearl dragon
   998 | D        | Killed an azure jelly
  1019 | D        | Killed an azure jelly
  1034 | D        | Killed a black draconian knight
  1036 | D        | Killed a shadow dragon
  1052 | D        | Killed an acid blob
  1140 | D        | Killed Margery
  1156 | D        | Killed a pearl dragon
  1371 | D        | Noticed a gargoyle
  1371 | D        | Noticed a molten gargoyle
  1380 | D        | Killed a molten gargoyle
  1380 | D        | Reached skill level 13 in Fighting
  1380 | D        | Reached skill level 5 in Maces & Flails
  1380 | D        | Reached XP level 8. HP: 58/102 MP: 8/8
  1390 | D        | Killed a gargoyle
  1410 | D        | Killed a death ooze
  1422 | D        | Killed an acid blob
  1439 | D        | Killed a death ooze
  1444 | D        | Killed a death ooze
  1452 | D        | Killed an azure jelly
  1453 | D        | Killed a death ooze
  1466 | D        | Killed an azure jelly
  1471 | D        | Killed an acid blob
  1471 | D        | Killed an acid blob
  1485 | D        | Killed a death ooze
  1497 | D        | Killed an azure jelly
  1501 | D        | Killed an acid blob
  1511 | D        | Killed a death ooze
  1535 | D        | Killed an acid blob
  1537 | D        | Killed an acid blob
  1568 | D        | Killed an acid blob
  1577 | D        | Killed a death ooze
  1603 | D        | Killed an acid blob
  1632 | D        | Killed an azure jelly
  1640 | D        | Killed a death ooze
  1689 | D        | Killed a death ooze
  1705 | D        | Killed an azure jelly
  1725 | D        | Killed a death ooze
  1739 | D        | Killed an azure jelly
  1742 | D        | Killed an azure jelly
  1743 | D        | Killed an azure jelly
  1747 | D        | Killed a death ooze
  1749 | D        | Killed a death ooze
  1761 | D        | Killed an acid blob
  1766 | D        | Killed the Royal Jelly
  1768 | D        | Killed an acid blob
  1772 | D        | Killed an azure jelly
  1772 | D        | Killed a death ooze
  1773 | D        | Killed an acid blob
  1773 | D        | Killed an acid blob
  1781 | D        | Killed an acid blob
  1787 | D        | Killed a death ooze
  1792 | D        | Noticed a deep elf mage
  1798 | D        | Killed a deep elf mage
  1798 | D        | Reached skill level 14 in Fighting
  1798 | D        | Reached XP level 9. HP: 113/113 MP: 9/9
  1803 | D        | Reached ***** piety under Trog
  1803 | D        | Received a gift from Trog
  1806 | D        | Killed an acid blob
  1815 | D        | Killed a death ooze
  1923 | D        | Killed a spriggan berserker
  2024 | D        | Killed an acid blob
  2056 | D        | Killed a shadow wraith
  2056 | D        | Received a gift from Trog
  2112 | D        | Killed an acid blob
  2121 | D        | Killed an acid blob
  2324 | D        | Noticed a phantasmal warrior
  2324 | D        | Noticed a flayed ghost
  2328 | D        | Received a gift from Trog
  2338 | D        | Killed a phantasmal warrior
  2338 | D        | Received a gift from Trog
  2338 | D        | Reached skill level 15 in Fighting
  2338 | D        | Reached skill level 5 in Stealth
  2340 | D        | Killed a flayed ghost
  2340 | D        | Received a gift from Trog
  2346 | D        | Received a gift from Trog
  2529 | D        | Reached XP level 10. HP: 126/126 MP: 10/10
  2544 | D        | Reached skill level 10 in Throwing
  2546 | D        | Reached skill level 16 in Fighting
  2548 | D        | Received a gift from Trog
  2566 | D        | Noticed a swamp dragon
  2572 | D        | Killed a swamp dragon
  2572 | D        | Reached ****** piety under Trog
  2903 | D        | Noticed a two-headed ogre
  2903 | D        | Noticed Gastronok
  2906 | D        | Killed a two-headed ogre
  2912 | D        | Killed Gastronok
  2912 | D        | Received a gift from Trog
  2912 | D        | Reached skill level 17 in Fighting
  2912 | D        | Reached skill level 10 in Maces & Flails
  2912 | D        | Reached XP level 11. HP: 139/139 MP: 11/11
  2968 | D        | Noticed a phantasmal warrior
  2979 | D        | Killed a phantasmal warrior
  2979 | D        | Received a gift from Trog
  3026 | D        | Killed an azure jelly
  3036 | D        | Killed Isow the pandemonium lord
  3264 | D        | Noticed a flayed ghost
  3274 | D        | Killed a flayed ghost
  3276 | D        | HP: 10/210 [troll (1)]
  3276 | D        | Slain by a troll

Levels and vault maps discovered:
D:        pitsprint [storerooms_1, entrance_room_1, metal_vault_1, armoury_1,
          mini_pit_1, grid_room_1, main_hall_1, silver_pit, the_coven_1,
          the_vestibule_1, steel_vault_5, golden_pit, hallway_of_sentries,
          crystal_vault_1, iron_vault_1, final_vault]

Skill      XL: |  1  2  3  4  5  6  7  8  9 10 11 |
---------------+----------------------------------+-----
Fighting       | 4 6 8 11 13 14 15 17 | 17.9
Armour         | 1 2 3 4 5 6 7 8 |  8.7
Dodging        | 2 3 4 5 6 7 8 9 |  9.8
Throwing       | 5 7 8 9 10 11 | 11.1
Maces & Flails | 1 5 6 8 10 11 | 11.0
Stealth        | 1 3 4 5 6 7 |  7.1

Action                   |  1- 3 |  4- 6 |  7- 9 | 10-12 || total
-------------------------+-------+-------+-------+-------++-------
Melee: Short sword       |     8 |       |       |       ||     8
       Mace              |    21 |       |       |       ||    21
       Flail             |       |    22 |    23 |       ||    45
       Morningstar       |       |       |    15 |       ||    15
       Giant spiked club |       |       |    15 |    41 ||    56
Throw: Large rock        |     7 |     4 |     1 |     5 ||    17
       Throwing net      |       |     2 |       |       ||     2
Invok: Berserk           |     1 |     2 |     4 |     4 ||    11
       Brothers in Arms  |       |       |     1 |     1 ||     2
  Use: Potion            |       |     4 |     5 |       ||     9
       Scroll            |       |       |     1 |       ||     1
 Stab: Sleeping          |       |       |       |     1 ||     1
  Eat: Chunk             |       |     2 |     3 |     2 ||     7
       Ration            |       |       |     2 |     1 ||     3
Armor: Robe              |     5 |     3 |    13 |     6 ||    27
Dodge: Dodged            |    21 |     8 |    24 |    36 ||    89

Table legend:
 A = Non-vault XP
 B = Vault XP
 C = Vault XP percentage of total XP
 D = Non-vault monster count
 E = Vault monster count
 F = Vault count percentage of total count
                 A         B        C        D         E       F
            +---------+---------+-------+---------+---------+-------
      Total |       0 |   11858 | 100.0 |       0 |      54 | 100.0
            +---------+---------+-------+---------+---------+-------
          D |       0 |   11858 | 100.0 |       0 |      54 | 100.0
            +---------+---------+-------+---------+---------+-------
